Map: [ESL] Tropical Sacrifice

Players

Solar - Winner!

  • Race: Zerg Zerg
  • League: Master
  • Spawn Location: 7:00

llllllllllll (herO)

  • Race: Protoss Protoss
  • League: Master
  • Spawn Location: 1:00

VOD

Have the link to the VOD?

Description

Time

  • Played on: Oct. 22, 2022, 10:07 a.m.
  • Length: 5:31
Show
View Real Time Build Order
Export as new Build Order

Solar Zerg - Winner!

Build Orders: Hatch First 

Get SALT Encoding   

  12  0:00  Drone  
  13  0:13  Overlord  
  13  0:17  Drone  
  14  0:32  Drone x2  
  16  0:50  Hatchery  
  16  0:52  Drone  
  16  0:55  Drone  
  17  0:59  Drone  
  18  1:09  Extractor  
  17  1:17  Spawning Pool  
  16  1:19  Drone  
  16  1:22  Drone  
  18  1:28  Drone  
  19  1:39  Drone  
  20  1:50  Overlord  
  20  2:04  Zergling x4, Queen x2  
  26  2:13  Drone  
  26  2:14  Drone  
  28  2:16  Metabolic Boost  
  28  2:25  Drone x2  
  30  2:40  Hatchery  
  30  2:43  Zergling x2  
  30  2:45  Drone  
  31  2:52  Overlord  
  31  2:56  Zergling x2  
  32  3:01  Zergling x2  
  32  3:02  Zergling x2  
  34  3:07  Zergling x4  
  36  3:13  Zergling x8  
  36  3:14  Zergling x4  
  42  3:24  Queen  
  42  3:25  Overlord  
  44  3:29  Overlord  
  44  3:43  Queen  
  44  3:45  Drone x4  
  48  3:49  Drone x2  
  48  3:51  Drone  
  51  3:55  Drone  
  51  3:57  Drone  
  51  4:01  Queen  
  52  4:05  Drone  
  52  4:06  Drone  
  52  4:08  Drone  
  53  4:10  Drone  
  53  4:13  Drone x2  
  53  4:15  Drone  
  56  4:25  Drone  
  56  4:26  Drone x2, Roach Warren  
  56  4:29  Drone x3  
  59  4:31  Drone  
  59  4:34  Drone  
  59  4:37  Zergling x6  
  60  4:39  Extractor  
  60  4:41  Extractor  
  60  4:44  Overlord, Spine Crawler  
  57  4:46  Zergling x2  
  57  4:48  Zergling x2  
  57  4:50  Zergling x2  
  60  4:57  Zergling x2  
  60  4:58  Zergling x2  
  62  5:01  Overlord  
  62  5:04  Zergling x6  
  65  5:07  Roach x4  
Show
View Real Time Build Order
Export as new Build Order

llllllllllll Protoss 

Build Orders: 1 Gate Expand, Mass Adepts 

Get SALT Encoding   

  12  0:00  Probe  
  13  0:12  Probe  
  14  0:18  Pylon  
  14  0:24  Probe (Chrono Boost)  
  15  0:36  Probe (Chrono Boost)  
  16  0:44  Gateway  
  16  0:45  Probe (Chrono Boost)  
  17  0:50  Probe, Assimilator  
  18  1:03  Probe  
  19  1:15  Probe  
  20  1:26  Nexus  
  20  1:36  Cybernetics Core  
  20  1:39  Probe  
  21  1:45  Assimilator  
  21  1:51  Probe  
  22  1:55  Pylon  
  22  2:03  Probe  
  23  2:10  Adept (Chrono Boost)  
  23  2:12  Warp Gate (Chrono Boost)  
  25  2:15  Probe  
  25  2:22  Twilight Council  
  26  2:28  Probe (Chrono Boost)  
  27  2:33  Stalker  
  29  2:38  Probe (Chrono Boost)  
  31  2:48  Probe (Chrono Boost)  
  31  2:50  Gateway  
  31  2:53  Resonating Glaives (Chrono Boost)  
  31  2:55  Probe  
  32  3:03  Gateway  
  32  3:07  Adept  
  32  3:11  Probe  
  35  3:22  Gateway  
  35  3:23  Probe  
  35  3:25  Pylon  
  36  3:36  Shield Battery  
  36  3:39  Pylon  
  36  3:41  Pylon  
  38  3:46  Shield Battery  
  38  3:54  Pylon  
  34  3:59  Adept  
  34  4:02  Adept  
  31  4:07  Probe  
  26  4:10  Probe  
  26  4:16  Adept x2  
  29  4:24  Adept  
  29  4:29  Adept  
  25  4:37  Adept  
  25  4:43  Adept  
  27  4:52  Adept  
  29  4:58  Adept  
  29  5:21  Adept x3  
Tags
 
Add a new tag
Caveats
  • Supply blocks, unpowered buildings, or Contaminate may cause inaccurate times.
  • Supply counts are checked every 10 seconds.